Map: Lightshade LE

Players

ByuN - Winner!

  • Race: Terran Terran
  • Spawn Location: 5:00

AgoElazer (Elazer)

  • Race: Zerg Zerg
  • Spawn Location: 11:00

Event: TSL 6

VOD

Have the link to the VOD?

Description

Time

  • Played on: Dec. 19, 2020, 6:53 p.m.
  • Length: 5:27

All games in this series

Show
View Real Time Build Order
Export as new Build Order

ByuN Terran - Winner!

Build Orders:  

Get SALT Encoding   

  12  0:00  SCV  
  13  0:12  SCV  
  14  0:17  Supply Depot  
  14  0:24  SCV  
  15  0:39  SCV  
  15  0:40  Barracks  
  16  0:45  Refinery  
  16  0:51  SCV  
  17  1:03  SCV  
  18  1:15  SCV  
  19  1:27  Barracks Reactor  
  19  1:28  Orbital Command  
  19  1:39  Command Center  
  19  1:48  Barracks  
  19  1:53  SCV  
  20  2:00  Supply Depot  
  20  2:04  Marine x2  
  20  2:07  SCV  
  23  2:22  SCV, Marine x2  
  25  2:25  Factory  
  26  2:34  SCV  
  26  2:36  Barracks Tech Lab  
  27  2:39  Refinery  
  27  2:40  Marine x2  
  29  2:46  SCV  
  30  2:55  Marine  
  30  2:58  SCV  
  32  2:59  Marine x2  
  32  3:01  Stimpack  
  34  3:11  SCV  
  35  3:15  Orbital Command  
  35  3:16  Marine  
  35  3:17  Marine x2  
  38  3:24  Starport  
  38  3:26  SCV  
  39  3:34  Supply Depot  
  39  3:35  Factory Reactor, Marine  
  39  3:40  Marine x2  
  42  3:45  SCV  
  42  3:46  SCV  
  44  3:55  Marine  
  45  3:58  Supply Depot, Marine x2  
  45  3:59  SCV  
  45  4:00  SCV  
  49  4:11  SCV  
  49  4:12  SCV  
  49  4:13  Marine  
  49  4:16  Medivac  
  54  4:20  Medivac, Marine x2  
  54  4:22  Supply Depot  
  58  4:25  Hellion  
  58  4:27  SCV  
  58  4:28  SCV  
  62  4:31  Supply Depot  
  62  4:43  SCV x2, Marine x3  
  62  4:45  Supply Depot  
  67  4:55  SCV x2  
  69  5:00  Supply Depot  
  69  5:03  Marine  
  69  5:04  Marine x2  
  72  5:12  SCV x2  
Show
View Real Time Build Order
Export as new Build Order

AgoElazer Zerg 

Build Orders: Hatch First 

Get SALT Encoding   

  12  0:00  Drone  
  13  0:12  Overlord  
  13  0:17  Drone  
  14  0:31  Drone x2  
  16  0:48  Hatchery  
  15  0:51  Drone  
  15  0:55  Drone  
  17  0:58  Drone  
  18  1:10  Extractor  
  17  1:13  Spawning Pool  
  17  1:16  Drone  
  17  1:20  Drone  
  18  1:28  Drone  
  19  1:38  Drone  
  20  1:49  Drone  
  21  2:00  Queen x2  
  26  2:01  Zergling x2, Overlord  
  26  2:15  Zergling x4, Spine Crawler  
  27  2:29  Overlord, Metabolic Boost  
  27  2:40  Drone x3  
  27  2:41  Queen  
  34  2:54  Drone  
  34  2:55  Drone  
  36  3:06  Overlord  
  36  3:10  Drone x6  
  40  3:27  Overlord  
  40  3:29  Hatchery, Drone  
  40  3:32  Drone  
  41  3:35  Drone  
  42  3:41  Drone  
  42  3:42  Drone  
  42  3:46  Queen  
  46  3:48  Drone  
  46  3:49  Drone  
  46  3:51  Queen  
  50  3:56  Zergling x4  
  52  4:06  Overlord  
  52  4:12  Evolution Chamber  
  52  4:15  Drone  
  52  4:25  Drone x8  
  52  4:31  Overlord, Baneling Nest  
  59  4:32  Drone  
  59  4:37  Drone  
  59  4:44  Overlord  
  59  4:45  Zergling x2  
  59  4:46  Zergling x2  
  59  4:49  Queen  
  59  4:50  Queen  
  59  4:51  Zergling x4  
  67  4:55  Zergling x6  
  67  4:56  Zergling x2  
  71  5:02  Zergling x8  
  71  5:04  Zergling x2  
Tags
 
Event
TSL 6
Matchup
TvZ
Spawn Locations
Cross Positions
Add a new tag
Caveats
  • Supply blocks, unpowered buildings, or Contaminate may cause inaccurate times.
  • Supply counts are checked every 10 seconds.